 Dungeon Crawl Stone Soup version 0.29.0-4-gdea44cf6ec (webtiles) character file.

Game seed: 5036200098343889779

175161 qw the Severer (level 18, -7/119 HPs)
             Began as a Gargoyle Delver on Sept 10, 2022.
             Was a High Priest of Okawaru.
             Killed by the raging water
             ... invoked by a water nymph
              (9 damage)
             ... on level 2 of the Shoals.
             The game lasted 00:13:51 (26101 turns).

qw the Severer (Gargoyle Delver)                   Turns: 26101, Time: 00:13:52

Health: -7/119     AC: 50    Str: 28    XL:     18   Next: 9%
Magic:  22/22      EV: 14    Int: 11    God:    Okawaru [*****.]
Gold:   101        SH: 20    Dex: 13    Spells: 17/17 levels left

rFire   + . .      SeeInvis +   n - +4 broad axe (spect)
rCold   . . .      Faith    .   d - +5 kite shield of the Centipede {Dex+2 SInv}
rNeg    + + +      Spirit   .   h - +3 pearl dragon scales
rPois   inf        Reflect  .   (helmet restricted)
rElec   +          Harm     .   z - +2 cloak {rCorr}
rCorr   +          Rampage  .   l - +2 pair of gloves
Will    +++..                   e - +2 pair of boots
Stlth   +++.......              s - amulet of regeneration
HPRegen 1.09/turn               x - ring "Roeparoi" {rPois rN+ Will+ Str+4}
MPRegen 0.18/turn               m - +4 ring of protection

@: about to teleport, heroic, flying
A: sickness immunity, AC +13, big wings, negative energy resistance 1,
electricity resistance, torment resistance 1, petrification resistance, horns 1,
fire resistance 1, low MP 1, strong-willed 1
a: Renounce Religion, Heroism, Finesse, Duel


You were on level 2 of the Shoals.
You worshipped Okawaru.
Okawaru was extremely pleased with you.
You visited 6 branches of the dungeon, and saw 28 of its levels.
You also visited: Gauntlet.

You collected 2484 gold pieces.
You spent 2383 gold pieces at shops.


Innate Abilities, Weirdness & Mutations

You are immune to sickness and miasma.
Your stone body is resilient. (AC +13)
You are immune to poison.
Your large and strong wings let you fly.
You resist negative energy. (rN+)
You are resistant to electric shocks. (rElec)
You are resistant to unholy torment.
You are immune to petrification.
You have a pair of small horns on your head.
Your flesh is heat resistant. (rF+)
Your magical capacity is low. (-10% MP)
You are strong-willed. (Will+)


   Skills:
 - Level 15.0(20.0) Fighting
 - Level 18.0(23.0) Axes
 - Level 7.1(12.1) Throwing
 - Level 13.0(18.0) Armour
 - Level 6.0(11.0) Dodging
 - Level 5.4(10.4) Stealth
 + Level 14.7(19.7) Shields
 - Level 10.0 Invocations


You had 17 spell levels left.
You didn't know any spells.
Your spell library was empty.

Inventory:

Hand Weapons
 n - a +4 spectral broad axe (weapon)
Missiles
 a - 6 boomerangs
 c - 2 javelins (quivered)
Armour
 d - the +5 kite shield of the Centipede (worn) {Dex+2 SInv}
   (Okawaru gifted it to you on level 2 of the Snake Pit)

   Dex:       It affects your dexterity (+2).
   SInv:      It lets you see invisible.
 e - a +2 pair of boots (worn)
 h - +3 pearl dragon scales (worn)
 k - the +6 scale mail of the Trees {rF+ Dex+2}
   (You found it on level 7 of the Dungeon)

   Dex:       It affects your dexterity (+2).
   rF:        It protects you from fire.
 l - a +2 pair of gloves (worn)
 t - a scarf of resistance
 z - a +2 cloak of preservation (worn)
Jewellery
 m - a +4 ring of protection (right hand)
 s - an amulet of regeneration (around neck)
 w - a +4 ring of slaying {mikee}
 x - the ring "Roeparoi" (left hand) {rPois rN+ Will+ Str+4}
   (You found it on level 5 of the Lair of Beasts)

   [ring of positive energy]

   Str:       It affects your strength (+4).
   rPois:     It protects you from poison.
   rN:        It protects you from negative energy.
   Will:      It increases your willpower.
 y - the ring "Mobog" {Fly rF+}
   (You took it off a minotaur in a Gauntlet)

   [ring of flight]

   rF:        It protects you from fire.
   Fly:       It grants you flight.
 Y - the ring "Beuss" {rF+ Dex+3 SInv}
   (You bought it in a shop on level 2 of the Orcish Mines)

   [ring of see invisible]

   Dex:       It affects your dexterity (+3).
   rF:        It protects you from fire.
   SInv:      It lets you see invisible.
Wands
 g - a wand of digging (15)
Scrolls
 b - a scroll of teleportation
 r - 15 scrolls of identify
Potions
 f - 7 potions of haste
 i - 2 potions of mutation
 j - 7 potions of cancellation
 p - a potion of resistance
 q - 3 potions of magic
 u - 14 potions of curing

Dungeon Overview and Level Annotations

Branches:
Dungeon (15/15)            Temple (1/1) D:6            Lair (5/5) D:10
 Shoals (2/4) Lair:2        Snake (3/4) Lair:3        Slime (0/5) Lair:5
    Orc (2/2) D:11            Elf (0/3) Orc:2        Vaults (0/5) D:14
 Depths (0/4) D:15        Gauntlet (visited)

Altars:
Ashenzari
Cheibriados
Dithmenos
Elyvilon
Fedhas
Gozag
Hepliaklqana
Kikubaaqudgha
Makhleb
Nemelex Xobeh
Okawaru
Qazlal
Ru
Sif Muna
Trog
Uskayaw
Vehumet
Wu Jian
Xom
Yredelemnul
Zin
The Shining One

Shops:
D:15 [   Orc:2 =**(   Snake:2 *   Snake:3 :*[*

Portals:
Bailey: D:7

Annotations:
D:7 2 transporters, qw's ghost, novice MiFi
D:10 3 runed translucent doors, qw's ghost, journeyman MiBe
Shoals:1 2 runed translucent doors, Witt's ghost, adept GrFi
Shoals:2 2 runed translucent doors, qw's ghost, adept GrBe
Snake:1 1 runed translucent door, qw's ghost, adept MiBe
Orc:1 3 runed translucent doors, blexxed's ghost, journeyman DsFi; qw's ghost, journeyman DsCA


Message History

You kill the meliai!
Okawaru accepts your kill.
You hear a splash. x3
You miss the merfolk aquamancer.
Your +4 spectral broad axe hits the merfolk aquamancer!!
The merfolk hits you but does no damage.
The merfolk aquamancer points at your +4 spectral broad axe and mumbles some strange words.
The ball of steam hits your +4 spectral broad axe!
Your +4 spectral broad axe resists.
Your spectral weapon shares its damage with you!
You catch the helpless merfolk aquamancer completely off-guard!
You slice the merfolk aquamancer like a ripe choko!!!
You kill the merfolk aquamancer!
Okawaru accepts your kill.
You hear a splash. x2
Your surroundings suddenly seem different.
Enter note: You start resting.
A merfolk is nearby!
26097 ||| READING 2 scrolls of teleportation.
As you read the scroll of teleportation, it crumbles to dust.
You feel strangely unstable. The water nymph casts a spell at you.
The water rises up and strikes you.
The merfolk shouts!
You block the merfolk's attack.
You slice the merfolk!!
The merfolk is moderately wounded.
Your +4 spectral broad axe hits the merfolk!!
The merfolk hits your +4 spectral broad axe with a +0 trident of flaming.
Your spectral weapon shares its damage with you!
The merfolk burns your +4 spectral broad axe.
The snapping turtle bites you from afar!
You slice the merfolk!!
You kill the merfolk!
Okawaru accepts your kill.
You hear a splash.
The water nymph casts a spell at you. The water rises up and strikes you!
You die...

~~~~~~~~~~~~~~~~
~~~~~~~~~~~~~~~~~
~~~~~~~~~~~~~~~~~
.~~~~~~~~~~~~~~~~
.~~~~~~~~~~~~~~~~
...~~~~~~~~~~~~~~
...~~~~~~~~~~~~~~
...~~~~~~~~~~~~~~
.~~~~~¤@~~~~~~~~~
.~~~~~)~~~~~~~~~~
~~...~~~~t~~~~~~~~~~~~
~~#..~~~m~~~~~~~~~~~~~
~ ##.~~~~~~~~~~~~~~..
#.)~~~~~~~~~~~~..
#..~~~~~~~~~~..#
...~~~~~~~~~¤¤#
.~~~.~~~~~¤¤.##


You could see a snapping turtle and a water nymph.

Vanquished Creatures
  Mlioglotl (Snake:1)
  Gastronok (D:8)
  A caustic shrike zombie (D:15)
  A minotaur (Gauntlet)
  5 dire elephants (Lair:5)
  A blizzard demon (D:14)
  A merfolk impaler (Shoals:1)
  A fire dragon (D:11)
  5 hydras
  An ogre mage (D:15)
  2 boulder beetles
  A catoblepas (Lair:4)
  8 vault guards (D:14)
  9 naga warriors
  8 anacondas
  A salamander tyrant (Snake:3)
  A merfolk aquamancer (Shoals:2)
  3 centaur warriors
  A death knight (D:13)
  7 two-headed ogres
  6 death yaks
  5 naga sharpshooters
  7 shock serpents
  A spectral dire elephant (Lair:5)
  2 tengu warriors
  3 orc high priests
  Urug (D:10)
  A fire crab (shapeshifter) (D:14)
  2 skeletal warriors (D:15)
  A flayed ghost (D:15)
  A golden dragon zombie (D:15)
  A spectral anaconda (Lair:5)
  12 sea snakes
  3 naga ritualists
  An obsidian statue (Lair:5)
  2 deep elf pyromancers (D:15)
  A phantasmal warrior (D:13)
  5 necromancers
  15 harpies
  4 orc knights
  9 orc sorcerers
  5 mana vipers
  5 manticores
  14 ugly things
  12 salamanders
  2 merfolk sirens
  3 cyclopes
  Maurice (Orc:2)
  A moth of wrath (Gauntlet)
  18 elephants
  A dire elephant zombie (Lair:5)
  13 naga magi
  4 water nymphs (Shoals:1)
  35 black mambas
  A guardian serpent (Snake:3)
  15 cane toads
  5 torpor snails (Lair:4)
  Maggie (D:9)
  A yaktaur (D:15)
  2 rime drakes
  An unseen horror (D:12)
  A spriggan zombie (D:15)
  A rime drake (shapeshifter) (D:11)
  2 tengu conjurers
  11 komodo dragons
  11 merfolk
  4 freezing wraiths
  8 ice devils
  An efreet (D:11)
  5 meliai
  A hornet (Lair:3)
  3 polar bears
  4 wind drakes
  11 trolls
  33 blink frogs
  7 slime creatures
  9 dream sheep
  3 snapping turtles
  A shadow (D:13)
  3 wraiths
  8 wyverns
  A dire elephant simulacrum (Lair:5)
  56 yaks
  10 water elementals
  A golden eye (shapeshifter) (D:15)
  A steam dragon (D:7)
  4 basilisks
  4 redbacks (Gauntlet)
  A glowing shapeshifter zombie (D:15)
  5 wargs
  6 swamp worms
  21 nagas
  A spectral cane toad (Lair:5)
  2 acid dragons (D:11)
  9 water moccasins
  An ice beast (D:4)
  30 orc warriors
  2 black bears
  2 elephant zombies (Lair:5)
  12 wolves
  4 centaurs
  3 boggarts (D:14)
  An elephant skeleton (Lair:5)
  5 ogres
  A kobold brigand (D:9)
  8 bullfrogs
  3 gnoll sergeants
  2 necrophages
  5 scorpions
  A cane toad simulacrum (Lair:5)
  7 wights
  5 small abominations (Gauntlet)
  7 killer bees
  A howler monkey (D:8)
  7 electric eels
  20 orc priests
  8 hounds
  24 orc wizards
  4 hell rats (Lair:4)
  6 iguanas
  13 gnolls
  10 adders
  4 shadow imps (D:6)
  7 white imps
  3 ufetubi
  A worm (D:2)
  2 dart slugs (D:1)
  80 orcs
  3 endoplasms
  5 giant cockroaches
  8 goblins
  7 hobgoblins
  11 kobolds
  3 quokkas
  9 ball pythons
  4 bats
  3 frilled lizards
  9 rats
882 creatures vanquished.

Vanquished Creatures (others)
  A naga warrior (Snake:1)
  A centaur simulacrum (D:11)
  A naga (Snake:3)
  A gnoll bouda (Orc:2)
  4 demonic plants (D:6)
  45 fungi
  109 plants
  34 withered plants
196 creatures vanquished.

Grand Total: 1078 creatures vanquished

Notes
Turn   | Place    | Note
-------+----------+-------------------------------------------
     0 | D:5      | qw the Gargoyle Delver began the quest for the Orb.
     0 | D:5      | Reached XP level 1. HP: 14/14 MP: 1/1
     0 | D:5      | 0 ||| qw: Version: 0.1-a-116-g5d60599
     0 | D:5      | 0 ||| qw: Game counter: 7913
     0 | D:5      | 0 ||| qw: Always use a shield: true
     0 | D:5      | 0 ||| qw: God list: Okawaru
     0 | D:5      | 0 ||| qw: Allow faded altars: false
     0 | D:5      | 0 ||| qw: Do Orc after D:15 true
     0 | D:5      | 0 ||| qw: Do second Lair branch before Depths: true
     0 | D:5      | 0 ||| qw: Lair rune preference: random
     0 | D:5      | 0 ||| qw: Plans: Normal
     0 | D:5      | 0 ||| PLANNING D:1-11
     0 | D:5      | 0 ||| DROPPING scroll of fog.
     1 | D:5      | 1 ||| DROPPING scroll of magic mapping.
     2 | D:5      | 2 ||| DROPPING scroll of fear.
    12 | D:4      | Reached skill level 2 in Axes
    12 | D:4      | Reached XP level 2. HP: 8/19 MP: 2/2
   115 | D:4      | 115 ||| Stepping ~*~*~tactically~*~*~ (stealth).
   117 | D:4      | 117 ||| Stepping ~*~*~tactically~*~*~ (stealth).
   118 | D:4      | 118 ||| Stepping ~*~*~tactically~*~*~ (stealth).
   122 | D:4      | 122 ||| Stepping ~*~*~tactically~*~*~ (stealth).
   123 | D:4      | 123 ||| Stepping ~*~*~tactically~*~*~ (stealth).
   124 | D:4      | 124 ||| Stepping ~*~*~tactically~*~*~ (stealth).
   140 | D:4      | Reached skill level 3 in Axes
   218 | D:4      | HP: 4/19 [orc/+0 club (5)]
   219 | D:4      | HP: 1/19 [orc/+0 club (3)]
   223 | D:4      | Reached XP level 3. HP: 2/23 MP: 3/3
   535 | D:3      | 535 ||| Stepping ~*~*~tactically~*~*~ (stealth).
   549 | D:3      | 549 ||| DROPPING +0 club.
   620 | D:3      | Found a blossoming altar of Fedhas.
   759 | D:3      | Identified the +2 leather armour of Howling Wind {rElec
                  | Int+3 Dex+2}
  1107 | D:3      | 1107 ||| UPGRADING to +2 leather armour of Howling Wind
                  | {rElec Int+3 Dex+2}.
  1117 | D:3      | 1117 ||| DROPPING +0 leather armour.
  1118 | D:3      | 1118 ||| UPGRADING to +0 pair of gloves.
  1123 | D:3      | 1123 ||| READING scroll labelled MONA ZAEMM.
  1124 | D:3      | 1124 ||| READING scroll labelled VASEDO UTOLOMI.
  1125 | D:3      | 1125 ||| READING scroll labelled ILAVAE IC RUL.
  1226 | D:3      | 1226 ||| READING scroll labelled SAQIPL KOSEIT.
  1250 | D:2      | Reached XP level 4. HP: 15/28 MP: 4/4
  1600 | D:1      | 1600 ||| READING scroll of enchant armour.
  1600 | D:1      | 1600 ||| ENCHANTING +0 pair of gloves.
  1699 | D:1      | 1699 ||| READING scroll of enchant armour.
  1699 | D:1      | 1699 ||| ENCHANTING +1 pair of gloves.
  1723 | D:1      | Reached skill level 4 in Axes
  2095 | D:1      | 2095 ||| UPGRADING to +2 helmet.
  2100 | D:1      | 2100 ||| UPGRADING to +0 ring mail.
  2110 | D:1      | 2110 ||| UPGRADING to +1 pair of boots.
  2115 | D:1      | 2115 ||| DROPPING +2 leather armour of Howling Wind {rElec
                  | Int+3 Dex+2}.
  2116 | D:1      | 2116 ||| READING 2 scrolls labelled CUULIG UTOI.
  2117 | D:1      | 2117 ||| READING scroll labelled ZEJIN YDDOGUMI.
  2173 | D:1      | 2173 ||| READING scroll labelled JURINE OPYJUTEHO.
  2174 | D:1      | 2174 ||| DROPPING scroll of blinking.
  2252 | D:2      | You fall into a shaft and drop 1 floor!
  2253 | D:3      | 2253 ||| UPGRADING to +4 ring of slaying {mikee}.
  2344 | D:2      | 2344 ||| Stepping ~*~*~tactically~*~*~ (stealth).
  2347 | D:2      | 2347 ||| Stepping ~*~*~tactically~*~*~ (stealth).
  2361 | D:2      | 2361 ||| Stepping ~*~*~tactically~*~*~ (stealth).
  2384 | D:2      | Reached skill level 1 in Armour
  2432 | D:2      | 2432 ||| Stepping ~*~*~tactically~*~*~ (stealth).
  2588 | D:2      | 2588 ||| READING scroll of enchant armour.
  2588 | D:2      | 2588 ||| ENCHANTING +1 pair of boots.
  2667 | D:2      | Found a faded altar of an unknown god.
  2691 | D:2      | Reached XP level 5. HP: 32/32 MP: 5/5
  2831 | D:2      | 2831 ||| UPGRADING to +0 scale mail.
  2841 | D:2      | 2841 ||| DROPPING +0 ring mail.
  2842 | D:2      | 2842 ||| UPGRADING to +0 buckler.
  2847 | D:2      | 2847 ||| UPGRADING to ring of positive energy.
  2922 | D:3      | 2922 ||| DROPPING +0 whip.
  3201 | D:3      | 3201 ||| READING scroll labelled GIYDUB FOTSITZ.
  3213 | D:4      | 3213 ||| STAIRDANCE
  3252 | D:4      | 3252 ||| SWAPPING to +0 war axe.
  3253 | D:4      | 3253 ||| DROPPING +0 hand axe.
  3300 | D:4      | Found a basalt altar of Yredelemnul.
  3313 | D:4      | Reached XP level 6. HP: 37/37 MP: 6/6
  3373 | D:4      | Found a burning altar of Makhleb.
  3555 | D:4      | Noticed an ice beast
  3570 | D:4      | Killed an ice beast
  3571 | D:4      | Reached skill level 5 in Axes
  3695 | D:4      | Found a snail-covered altar of Cheibriados.
  3718 | D:4      | Noticed a black bear
  3725 | D:4      | Killed a black bear
  3726 | D:4      | Reached XP level 7. HP: 44/44 MP: 7/7
  3894 | D:4      | 3894 ||| DROPPING orb of mayhem.
  3895 | D:4      | 3895 ||| DROPPING +2 helmet of intelligence.
  3896 | D:4      | 3896 ||| UPGRADING to amulet of regeneration.
  3901 | D:4      | 3901 ||| UPGRADING to ring of see invisible.
  3903 | D:4      | 3903 ||| READING scroll labelled NOTHRE UXZENO.
  3904 | D:4      | 3904 ||| DRINKING 2 yellow potions.
  3905 | D:4      | 3905 ||| DROPPING potion of attraction.
  3930 | D:5      | 3930 ||| RIP SEWER
  3939 | D:5      | 3939 ||| Stepping ~*~*~tactically~*~*~ (stealth).
  3941 | D:5      | 3941 ||| Stepping ~*~*~tactically~*~*~ (stealth).
  3942 | D:5      | 3942 ||| Stepping ~*~*~tactically~*~*~ (stealth).
  3943 | D:5      | 3943 ||| Stepping ~*~*~tactically~*~*~ (stealth).
  3944 | D:5      | 3944 ||| Stepping ~*~*~tactically~*~*~ (stealth).
  4046 | D:5      | 4046 ||| Stepping ~*~*~tactically~*~*~ (stealth).
  4051 | D:5      | 4051 ||| Stepping ~*~*~tactically~*~*~ (hiding).
  4052 | D:5      | 4052 ||| Stepping ~*~*~tactically~*~*~ (hiding).
  4070 | D:5      | 4070 ||| DROPPING +0 flail.
  4085 | D:5      | 4085 ||| Stepping ~*~*~tactically~*~*~ (stealth).
  4090 | D:5      | 4090 ||| Stepping ~*~*~tactically~*~*~ (stealth).
  4100 | D:5      | 4100 ||| READING scroll of enchant weapon.
  4100 | D:5      | 4100 ||| ENCHANTING +1 war axe.
  4141 | D:5      | Found an ornate altar of the Wu Jian Council.
  4148 | D:5      | Noticed a spectral centipede
  4148 | D:5      | Noticed a spectral black mamba
  4148 | D:5      | Noticed a spectral cane toad
  4200 | D:5      | Reached skill level 6 in Axes
  4224 | D:5      | Reached skill level 3 in Shields
  4327 | D:5      | Reached skill level 7 in Axes
  4327 | D:5      | Reached XP level 8. HP: 48/48 MP: 8/8
  4343 | D:5      | 4343 ||| Stepping ~*~*~tactically~*~*~ (stealth).
  4502 | D:5      | 4502 ||| UPGRADING to +2 buckler.
  4505 | D:5      | Reached skill level 1 in Throwing
  4505 | D:5      | 4505 ||| UPGRADING to +2 buckler.
  4515 | D:5      | 4515 ||| UPGRADING to +0 chain mail.
  4525 | D:5      | 4525 ||| DROPPING +0 scale mail.
  4526 | D:5      | 4526 ||| DROPPING +0 buckler.
  4534 | D:5      | 4534 ||| READING scroll labelled YLERACLYUTY.
  4538 | D:5      | 4538 ||| READING scroll labelled MEMUJAEVVU.
  4539 | D:5      | 4539 ||| DRINKING 2 green potions.
  4540 | D:5      | 4540 ||| DRINKING 2 inky potions.
  4541 | D:5      | 4541 ||| DRINKING 2 dark potions.
  4542 | D:5      | 4542 ||| READING 2 scrolls of identify.
  4542 | D:5      | 4542 ||| IDENTIFYING grey potion
  4543 | D:5      | 4543 ||| DROPPING potion of berserk rage.
  4544 | D:5      | 4544 ||| DROPPING potion of degeneration.
  4576 | D:6      | 4576 ||| Stepping ~*~*~tactically~*~*~ (stealth).
  4577 | D:6      | 4577 ||| Stepping ~*~*~tactically~*~*~ (stealth).
  4578 | D:6      | 4578 ||| Stepping ~*~*~tactically~*~*~ (stealth).
  4579 | D:6      | 4579 ||| Stepping ~*~*~tactically~*~*~ (stealth).
  4580 | D:6      | 4580 ||| Stepping ~*~*~tactically~*~*~ (hiding).
  4585 | D:6      | Reached skill level 3 in Armour
  4605 | D:6      | 4605 ||| Stepping ~*~*~tactically~*~*~ (hiding).
  4609 | D:6      | 4609 ||| Stepping ~*~*~tactically~*~*~ (hiding).
  4610 | D:6      | 4610 ||| Stepping ~*~*~tactically~*~*~ (hiding).
  4781 | D:6      | Found a staircase to the Ecumenical Temple.
  4782 | D:6      | 4782 ||| PLANNING TEMPLE
  4782 | D:6      | 4782 ||| DROPPING +1 hat.
  4783 | D:6      | 4783 ||| DROPPING ring of positive energy.
  4790 | Temple   | Entered the Ecumenical Temple
  4933 | Temple   | 4933 ||| PLANNING D:1-11
  4934 | Temple   | Became a worshipper of Warmaster Okawaru
  4978 | D:6      | 4978 ||| Stepping ~*~*~tactically~*~*~ (hiding).
  4980 | D:6      | 4980 ||| Stepping ~*~*~tactically~*~*~ (hiding).
  4982 | D:6      | 4982 ||| Stepping ~*~*~tactically~*~*~ (hiding).
  5108 | D:6      | 5108 ||| Stepping ~*~*~tactically~*~*~ (hiding).
  5223 | D:6      | Reached skill level 8 in Axes
  5310 | D:6      | Reached XP level 9. HP: 55/55 MP: 9/9
  5640 | D:6      | 5640 ||| READING 3 scrolls of identify.
  5640 | D:6      | 5640 ||| IDENTIFYING viscous pink potion
  5641 | D:6      | 5641 ||| READING 2 scrolls of identify.
  5641 | D:6      | 5641 ||| IDENTIFYING viscous orange potion
  5642 | D:6      | 5642 ||| DROPPING potion of lignification.
  5668 | D:7      | Reached * piety under Okawaru
  5669 | D:7      | Reached skill level 6 in Fighting
  5766 | D:7      | Identified the +6 scale mail of the Trees {rF+ Dex+2}
  5818 | D:7      | Found a shadowy altar of Dithmenos.
  5819 | D:7      | 5819 ||| INVOKING Heroism.
  5823 | D:7      | Reached skill level 1 in Invocations
  5825 | D:7      | 5825 ||| Stepping ~*~*~tactically~*~*~ (stealth).
  5826 | D:7      | 5826 ||| Stepping ~*~*~tactically~*~*~ (stealth).
  5829 | D:7      | 5829 ||| Stepping ~*~*~tactically~*~*~ (stealth).
  5877 | D:7      | 5877 ||| Stepping ~*~*~tactically~*~*~ (stealth).
  5880 | D:7      | 5880 ||| Stepping ~*~*~tactically~*~*~ (hiding).
  5881 | D:7      | 5881 ||| INVOKING Heroism.
  5906 | D:7      | Found a transporter.
  5909 | D:7      | Noticed a moth of wrath
  5910 | D:7      | Noticed qw's ghost (novice MiFi)
  6025 | D:7      | Found a sacrificial altar of Ru.
  6031 | D:7      | 6031 ||| INVOKING Heroism.
  6100 | D:7      | Found a bloodstained altar of Trog.
  6107 | D:7      | Found a transporter.
  6259 | D:7      | 6259 ||| Stepping ~*~*~tactically~*~*~ (hiding).
  6291 | D:7      | Found a flagged portal.
  6303 | D:7      | 6303 ||| UPGRADING to +6 scale mail of the Trees {rF+
                  | Dex+2}.
  6313 | D:7      | 6313 ||| DROPPING +0 chain mail.
  6314 | D:7      | 6314 ||| READING 2 scrolls of identify.
  6314 | D:7      | 6314 ||| IDENTIFYING red potion
  6315 | D:7      | 6315 ||| DROPPING potion of ambrosia.
  6338 | D:8      | Noticed a troll
  6339 | D:8      | 6339 ||| Stepping ~*~*~tactically~*~*~ (stealth).
  6342 | D:8      | 6342 ||| INVOKING Heroism.
  6350 | D:8      | Killed a troll
  6351 | D:8      | Reached skill level 3 in Invocations
  6420 | D:8      | Reached ** piety under Okawaru
  6421 | D:8      | Reached skill level 9 in Axes
  6474 | D:8      | 6474 ||| Stepping ~*~*~tactically~*~*~ (stealth).
  6475 | D:8      | 6475 ||| Stepping ~*~*~tactically~*~*~ (stealth).
  6503 | D:8      | 6503 ||| Stepping ~*~*~tactically~*~*~ (stealth).
  6543 | D:8      | 6543 ||| INVOKING Heroism.
  6662 | D:8      | 6662 ||| INVOKING Heroism.
  6674 | D:8      | Reached XP level 10. HP: 63/63 MP: 11/13
  6698 | D:8      | 6698 ||| Stepping ~*~*~tactically~*~*~ (stealth).
  6700 | D:8      | 6700 ||| Stepping ~*~*~tactically~*~*~ (stealth).
  6702 | D:8      | 6702 ||| Stepping ~*~*~tactically~*~*~ (stealth).
  6805 | D:8      | 6805 ||| Stepping ~*~*~tactically~*~*~ (hiding).
  7178 | D:8      | Noticed Gastronok
  7179 | D:8      | 7179 ||| INVOKING Heroism.
  7189 | D:8      | HP: 15/63 [Gastronok (25)]
  7190 | D:8      | 7190 ||| READING scroll of teleportation.
  7330 | D:8      | 7330 ||| Stepping ~*~*~tactically~*~*~ (stealth).
  7332 | D:8      | 7332 ||| FLEEEEING.
  7354 | D:8      | 7354 ||| INVOKING Heroism.
  7356 | D:8      | 7356 ||| Stepping ~*~*~tactically~*~*~ (hiding).
  7368 | D:8      | 7368 ||| INVOKING Heroism.
  7375 | D:8      | Killed Gastronok
  7376 | D:8      | Reached skill level 11 in Axes
  7672 | D:8      | 7672 ||| DROPPING +6 ring of dexterity.
  7749 | D:9      | 7749 ||| Stepping ~*~*~tactically~*~*~ (stealth).
  7751 | D:9      | 7751 ||| INVOKING Heroism.
  7796 | D:9      | Found a white marble altar of Elyvilon.
  7976 | D:9      | 7976 ||| INVOKING Heroism.
  7984 | D:9      | Reached *** piety under Okawaru
  8066 | D:9      | Noticed Maggie
  8079 | D:9      | Killed Maggie
  8244 | D:9      | 8244 ||| INVOKING Heroism.
  8617 | D:9      | 8617 ||| DROPPING ring of protection from cold.
  8618 | D:9      | 8618 ||| READING scroll labelled CIUMOCHIYS.
  8619 | D:9      | 8619 ||| READING scroll labelled PERUSE SACRYU.
  8620 | D:9      | 8620 ||| READING 2 scrolls of identify.
  8620 | D:9      | 8620 ||| IDENTIFYING brown potion
  8628 | D:10     | Entered Level 10 of the Dungeon
  8640 | D:10     | Found a shimmering altar of Xom.
  8678 | D:10     | Noticed a two-headed ogre
  8679 | D:10     | 8679 ||| INVOKING Heroism.
  8690 | D:10     | Killed a two-headed ogre
  8690 | D:10     | Reached **** piety under Okawaru
  8691 | D:10     | Reached skill level 9 in Fighting
  8691 | D:10     | Reached XP level 11. HP: 65/71 MP: 12/14
  8756 | D:10     | Found a hide-covered altar of Uskayaw.
  8803 | D:10     | Found a runed translucent gate.
  8804 | D:10     | Found a runed translucent gate.
  8838 | D:10     | 8838 ||| INVOKING Heroism.
  8862 | D:10     | 8862 ||| INVOKING Heroism.
  8867 | D:10     | Reached skill level 3 in Dodging
  8892 | D:10     | 8892 ||| INVOKING Heroism.
  8897 | D:10     | 8897 ||| Stepping ~*~*~tactically~*~*~ (water).
  8908 | D:10     | Found a staircase to the Lair.
  8925 | D:10     | Noticed Urug
  8926 | D:10     | 8926 ||| INVOKING Heroism.
  8934 | D:10     | Killed Urug
  8964 | D:10     | Noticed qw's ghost (journeyman MiBe)
  8984 | D:10     | Found a runed translucent gate.
  9034 | D:10     | 9034 ||| INVOKING Heroism.
  9052 | D:10     | 9052 ||| INVOKING Heroism.
  9059 | D:10     | Reached skill level 3 in Throwing
  9109 | D:10     | Reached skill level 6 in Invocations
  9131 | D:10     | 9131 ||| INVOKING Heroism.
  9141 | D:10     | Received a gift from Okawaru
  9186 | D:10     | 9186 ||| INVOKING Heroism.
  9246 | D:10     | Found a glowing silver altar of Zin.
  9324 | D:10     | 9324 ||| Stepping ~*~*~tactically~*~*~ (stealth).
  9326 | D:10     | 9326 ||| INVOKING Heroism.
  9327 | D:10     | 9327 ||| Stepping ~*~*~tactically~*~*~ (stealth).
  9333 | D:10     | 9333 ||| Stepping ~*~*~tactically~*~*~ (stealth).
  9346 | D:10     | 9346 ||| Stepping ~*~*~tactically~*~*~ (stealth).
  9348 | D:10     | 9348 ||| Stepping ~*~*~tactically~*~*~ (stealth).
  9356 | D:10     | 9356 ||| Stepping ~*~*~tactically~*~*~ (hiding).
  9363 | D:10     | 9363 ||| Stepping ~*~*~tactically~*~*~ (stealth).
  9368 | D:10     | 9368 ||| INVOKING Heroism.
  9482 | D:10     | 9482 ||| PLANNING LAIR
  9482 | D:10     | 9482 ||| READING 2 scrolls of identify.
  9482 | D:10     | 9482 ||| IDENTIFYING ruby potion
  9483 | D:10     | 9483 ||| DROPPING potion of brilliance.
  9511 | Lair:1   | Entered Level 1 of the Lair of Beasts
  9525 | Lair:1   | 9525 ||| INVOKING Heroism.
  9538 | Lair:1   | Reached ***** piety under Okawaru
  9546 | Lair:1   | 9546 ||| INVOKING Heroism.
  9580 | Lair:1   | 9580 ||| INVOKING Heroism.
  9606 | Lair:1   | 9606 ||| Stepping ~*~*~tactically~*~*~ (stealth).
  9608 | Lair:1   | 9608 ||| Stepping ~*~*~tactically~*~*~ (stealth).
  9610 | Lair:1   | 9610 ||| Stepping ~*~*~tactically~*~*~ (stealth).
  9614 | Lair:1   | Reached skill level 12 in Axes
  9666 | Lair:1   | 9666 ||| INVOKING Heroism.
  9671 | Lair:1   | Reached XP level 12. HP: 76/76 MP: 15/18
  9694 | Lair:1   | 9694 ||| Stepping ~*~*~tactically~*~*~ (stealth).
  9695 | Lair:1   | 9695 ||| Stepping ~*~*~tactically~*~*~ (stealth).
  9696 | Lair:1   | 9696 ||| Stepping ~*~*~tactically~*~*~ (stealth).
  9697 | Lair:1   | 9697 ||| Stepping ~*~*~tactically~*~*~ (stealth).
  9727 | Lair:1   | Noticed a seven-headed hydra
  9728 | Lair:1   | 9728 ||| INVOKING Heroism.
  9729 | Lair:1   | 9729 ||| INVOKING Finesse.
  9732 | Lair:1   | 9732 ||| SWAPPING to +0 morningstar.
  9739 | Lair:1   | Killed a seven-headed hydra
  9739 | Lair:1   | Received a gift from Okawaru
  9740 | Lair:1   | Reached skill level 6 in Shields
  9740 | Lair:1   | 9740 ||| SWAPPING to +2 war axe.
  9790 | Lair:1   | 9790 ||| INVOKING Heroism.
  9827 | Lair:1   | 9827 ||| INVOKING Heroism.
  9842 | Lair:1   | 9842 ||| Stepping randomly (stuck).
  9843 | Lair:1   | 9843 ||| Stepping randomly (stuck).
  9845 | Lair:1   | 9845 ||| Stepping randomly (stuck).
  9853 | Lair:1   | 9853 ||| INVOKING Heroism.
  9866 | Lair:1   | Reached skill level 9 in Invocations
  9925 | Lair:1   | Reached skill level 6 in Armour
  9953 | Lair:1   | 9953 ||| Stepping ~*~*~tactically~*~*~ (stealth).
 10242 | Lair:1   | 10242 ||| DROPPING +0 plate armour.
 10243 | Lair:1   | 10243 ||| UPGRADING to +0 pearl dragon scales.
 10253 | Lair:1   | 10253 ||| READING scroll of enchant armour.
 10253 | Lair:1   | 10253 ||| ENCHANTING +0 pearl dragon scales.
 10254 | Lair:1   | 10254 ||| DRINKING 3 smoky ruby potions.
 10270 | Lair:2   | 10270 ||| STAIRDANCE
 10313 | Lair:2   | 10313 ||| INVOKING Heroism.
 10398 | Lair:2   | 10398 ||| INVOKING Heroism.
 10432 | Lair:2   | 10432 ||| Stepping ~*~*~tactically~*~*~ (stealth).
 10438 | Lair:2   | Found a frozen archway.
 10439 | Lair:2   | 10439 ||| Stepping ~*~*~tactically~*~*~ (stealth).
 10483 | Lair:2   | 10483 ||| INVOKING Heroism.
 10545 | Lair:2   | 10545 ||| Stepping ~*~*~tactically~*~*~ (stealth).
 10546 | Lair:2   | 10546 ||| Stepping ~*~*~tactically~*~*~ (stealth).
 10547 | Lair:2   | 10547 ||| INVOKING Heroism.
 10576 | Lair:2   | 10576 ||| INVOKING Heroism.
 10653 | Lair:2   | Found a staircase to the Shoals.
 10692 | Lair:2   | 10692 ||| INVOKING Heroism.
 11066 | Lair:2   | 11066 ||| INVOKING Heroism.
 11103 | Lair:2   | 11103 ||| INVOKING Heroism.
 11301 | Lair:3   | 11301 ||| INVOKING Heroism.
 11323 | Lair:3   | 11323 ||| Stepping ~*~*~tactically~*~*~ (stealth).
 11324 | Lair:3   | 11324 ||| Stepping ~*~*~tactically~*~*~ (stealth).
 11330 | Lair:3   | 11330 ||| Stepping ~*~*~tactically~*~*~ (stealth).
 11346 | Lair:3   | 11346 ||| Stepping ~*~*~tactically~*~*~ (stealth).
 11348 | Lair:3   | 11348 ||| INVOKING Heroism.
 11395 | Lair:3   | Received a gift from Okawaru
 11397 | Lair:3   | 11397 ||| SWAPPING to +2 vorpal broad axe.
 11398 | Lair:3   | 11398 ||| DROPPING +2 war axe.
 11423 | Lair:3   | 11423 ||| Stepping ~*~*~tactically~*~*~ (stealth).
 11469 | Lair:3   | Noticed a death yak
 11470 | Lair:3   | 11470 ||| INVOKING Heroism.
 11471 | Lair:3   | 11471 ||| INVOKING Finesse.
 11478 | Lair:3   | Noticed a death yak
 11480 | Lair:3   | Noticed a death yak
 11483 | Lair:3   | Killed a death yak
 11484 | Lair:3   | Reached XP level 13. HP: 82/82 MP: 13/20
 11487 | Lair:3   | Reached skill level 13 in Axes
 11506 | Lair:3   | Reached skill level 9 in Armour
 11798 | Lair:3   | 11798 ||| Stepping ~*~*~tactically~*~*~ (stealth).
 11808 | Lair:3   | 11808 ||| Stepping ~*~*~tactically~*~*~ (stealth).
 11966 | Lair:3   | Found a staircase to the Snake Pit.
 11995 | Lair:3   | 11995 ||| READING 4 scrolls of identify.
 11995 | Lair:3   | 11995 ||| IDENTIFYING fizzy clear potion
 11996 | Lair:3   | 11996 ||| DROPPING potion of flight.
 12022 | Lair:4   | 12022 ||| INVOKING Heroism.
 12083 | Lair:4   | 12083 ||| INVOKING Heroism.
 12084 | Lair:4   | 12084 ||| INVOKING Finesse.
 12116 | Lair:4   | 12116 ||| Stepping ~*~*~tactically~*~*~ (stealth).
 12119 | Lair:4   | 12119 ||| Stepping ~*~*~tactically~*~*~ (stealth).
 12121 | Lair:4   | 12121 ||| Stepping ~*~*~tactically~*~*~ (stealth).
 12153 | Lair:4   | 12153 ||| INVOKING Heroism.
 12155 | Lair:4   | Reached skill level 14 in Axes
 12213 | Lair:4   | Received a gift from Okawaru
 12238 | Lair:4   | 12238 ||| INVOKING Heroism.
 12293 | Lair:4   | 12293 ||| INVOKING Heroism.
 12356 | Lair:4   | 12356 ||| Stepping ~*~*~tactically~*~*~ (hiding).
 12458 | Lair:4   | 12458 ||| Stepping ~*~*~tactically~*~*~ (hiding).
 12561 | Lair:4   | 12561 ||| INVOKING Heroism.
 12562 | Lair:4   | 12562 ||| INVOKING Finesse.
 12626 | Lair:4   | 12626 ||| INVOKING Heroism.
 12801 | Lair:4   | 12801 ||| FLEEEEING.
 12802 | Lair:4   | 12802 ||| FLEEEEING.
 12803 | Lair:4   | 12803 ||| FLEEEEING.
 12804 | Lair:4   | 12804 ||| FLEEEEING.
 12805 | Lair:4   | 12805 ||| FLEEEEING.
 12806 | Lair:4   | 12806 ||| FLEEEEING.
 12807 | Lair:4   | 12807 ||| FLEEEEING.
 12808 | Lair:4   | 12808 ||| FLEEEEING.
 12809 | Lair:4   | 12809 ||| INVOKING Heroism.
 12846 | Lair:4   | Found a snail-covered altar of Cheibriados.
 12848 | Lair:4   | 12848 ||| Stepping ~*~*~tactically~*~*~ (stealth).
 12856 | Lair:4   | 12856 ||| Stepping ~*~*~tactically~*~*~ (stealth).
 12868 | Lair:4   | 12868 ||| FLEEEEING.
 12869 | Lair:4   | 12869 ||| FLEEEEING.
 12870 | Lair:4   | 12870 ||| FLEEEEING.
 12871 | Lair:4   | 12871 ||| FLEEEEING.
 12873 | Lair:4   | 12873 ||| INVOKING Heroism.
 13158 | Lair:4   | 13158 ||| DROPPING ring of resist corrosion.
 13173 | Lair:5   | Entered Level 5 of the Lair of Beasts
 13174 | Lair:5   | 13174 ||| INVOKING Heroism.
 13175 | Lair:5   | 13175 ||| Stepping ~*~*~tactically~*~*~ (stealth).
 13200 | Lair:5   | 13200 ||| Stepping ~*~*~tactically~*~*~ (stealth).
 13206 | Lair:5   | 13206 ||| Stepping ~*~*~tactically~*~*~ (stealth).
 13207 | Lair:5   | 13207 ||| Stepping ~*~*~tactically~*~*~ (stealth).
 13208 | Lair:5   | 13208 ||| Stepping ~*~*~tactically~*~*~ (stealth).
 13209 | Lair:5   | 13209 ||| Stepping ~*~*~tactically~*~*~ (stealth).
 13210 | Lair:5   | 13210 ||| Stepping ~*~*~tactically~*~*~ (stealth).
 13215 | Lair:5   | 13215 ||| Stepping ~*~*~tactically~*~*~ (stealth).
 13217 | Lair:5   | 13217 ||| Stepping ~*~*~tactically~*~*~ (stealth).
 13219 | Lair:5   | 13219 ||| Stepping ~*~*~tactically~*~*~ (stealth).
 13221 | Lair:5   | 13221 ||| Stepping ~*~*~tactically~*~*~ (stealth).
 13226 | Lair:5   | 13226 ||| INVOKING Heroism.
 13227 | Lair:5   | 13227 ||| INVOKING Finesse.
 13228 | Lair:5   | 13228 ||| SWAPPING to +0 morningstar.
 13231 | Lair:5   | Identified the +3 kite shield of Tender Moments {rPois}
                  | (Okawaru gifted it to you on level 5 of the Lair of Beasts)
 13231 | Lair:5   | Received a gift from Okawaru
 13241 | Lair:5   | 13241 ||| SWAPPING to +2 vorpal broad axe.
 13251 | Lair:5   | 13251 ||| Stepping ~*~*~tactically~*~*~ (stealth).
 13252 | Lair:5   | 13252 ||| Stepping ~*~*~tactically~*~*~ (stealth).
 13253 | Lair:5   | 13253 ||| Stepping ~*~*~tactically~*~*~ (stealth).
 13310 | Lair:5   | 13310 ||| Stepping ~*~*~tactically~*~*~ (stealth).
 13312 | Lair:5   | 13312 ||| Stepping ~*~*~tactically~*~*~ (stealth).
 13314 | Lair:5   | 13314 ||| Stepping ~*~*~tactically~*~*~ (stealth).
 13316 | Lair:5   | 13316 ||| Stepping ~*~*~tactically~*~*~ (stealth).
 13318 | Lair:5   | 13318 ||| Stepping ~*~*~tactically~*~*~ (stealth).
 13320 | Lair:5   | 13320 ||| Stepping ~*~*~tactically~*~*~ (stealth).
 13324 | Lair:5   | 13324 ||| INVOKING Heroism.
 13328 | Lair:5   | Gained mutation: Your large and strong wings let you fly.
                  | [Gargoyle growth]
 13328 | Lair:5   | Reached XP level 14. HP: 90/90 MP: 18/21
 13411 | Lair:5   | 13411 ||| Stepping ~*~*~tactically~*~*~ (stealth).
 13412 | Lair:5   | 13412 ||| Stepping ~*~*~tactically~*~*~ (stealth).
 13427 | Lair:5   | 13427 ||| INVOKING Heroism.
 13490 | Lair:5   | Found a staircase to the Slime Pits.
 13500 | Lair:5   | 13500 ||| INVOKING Heroism.
 13530 | Lair:5   | Reached skill level 15 in Axes
 13540 | Lair:5   | 13540 ||| Stepping ~*~*~tactically~*~*~ (stealth).
 13543 | Lair:5   | 13543 ||| Stepping ~*~*~tactically~*~*~ (stealth).
 13556 | Lair:5   | 13556 ||| READING scroll of enchant armour.
 13556 | Lair:5   | 13556 ||| ENCHANTING +1 pearl dragon scales.
 13573 | Lair:5   | Noticed a dire elephant
 13587 | Lair:5   | Noticed a dire elephant
 13587 | Lair:5   | Noticed a dire elephant
 13588 | Lair:5   | 13588 ||| INVOKING Heroism.
 13595 | Lair:5   | Killed a dire elephant
 13605 | Lair:5   | 13605 ||| INVOKING Heroism.
 13609 | Lair:5   | Killed a dire elephant
 13752 | Lair:5   | 13752 ||| INVOKING Heroism.
 13838 | Lair:5   | Noticed a dire elephant
 13839 | Lair:5   | 13839 ||| INVOKING Heroism.
 13840 | Lair:5   | 13840 ||| INVOKING Finesse.
 13841 | Lair:5   | Noticed a dire elephant
 13842 | Lair:5   | 13842 ||| Stepping ~*~*~tactically~*~*~ (stealth).
 13845 | Lair:5   | 13845 ||| Stepping ~*~*~tactically~*~*~ (stealth).
 13850 | Lair:5   | Reached skill level 12 in Fighting
 13858 | Lair:5   | Killed a dire elephant
 13869 | Lair:5   | Killed a dire elephant
 13957 | Lair:5   | 13957 ||| INVOKING Heroism.
 13989 | Lair:5   | Identified the +1 leather armour of the Fig {Dex+3}
 14004 | Lair:5   | 14004 ||| Stepping ~*~*~tactically~*~*~ (hiding).
 14011 | Lair:5   | 14011 ||| INVOKING Heroism.
 14078 | Lair:5   | 14078 ||| Stepping ~*~*~tactically~*~*~ (stealth).
 14092 | Lair:5   | 14092 ||| INVOKING Heroism.
 14093 | Lair:5   | 14093 ||| INVOKING Finesse.
 14159 | Lair:5   | 14159 ||| Stepping ~*~*~tactically~*~*~ (stealth).
 14184 | Lair:5   | Received a gift from Okawaru
 14217 | Lair:5   | 14217 ||| INVOKING Heroism.
 14226 | Lair:5   | Killed a dire elephant
 14227 | Lair:5   | Reached skill level 16 in Axes
 14298 | Lair:5   | 14298 ||| INVOKING Heroism.
 14299 | Lair:5   | 14299 ||| INVOKING Finesse.
 14341 | Lair:5   | 14341 ||| INVOKING Finesse.
 14391 | Lair:5   | Identified the ring "Roeparoi" {rPois rN+ Will+ Str+4}
 14449 | Lair:5   | 14449 ||| Stepping ~*~*~tactically~*~*~ (stealth).
 14450 | Lair:5   | 14450 ||| Stepping ~*~*~tactically~*~*~ (stealth).
 14451 | Lair:5   | 14451 ||| Stepping ~*~*~tactically~*~*~ (stealth).
 14452 | Lair:5   | 14452 ||| Stepping ~*~*~tactically~*~*~ (stealth).
 14455 | Lair:5   | 14455 ||| Stepping ~*~*~tactically~*~*~ (stealth).
 14456 | Lair:5   | 14456 ||| Stepping ~*~*~tactically~*~*~ (stealth).
 14458 | Lair:5   | 14458 ||| Stepping ~*~*~tactically~*~*~ (stealth).
 14459 | Lair:5   | 14459 ||| Stepping ~*~*~tactically~*~*~ (stealth).
 14470 | Lair:5   | 14470 ||| Stepping ~*~*~tactically~*~*~ (stealth).
 14477 | Lair:5   | 14477 ||| Stepping ~*~*~tactically~*~*~ (stealth).
 14478 | Lair:5   | 14478 ||| Stepping ~*~*~tactically~*~*~ (stealth).
 14479 | Lair:5   | 14479 ||| Stepping ~*~*~tactically~*~*~ (stealth).
 14481 | Lair:5   | 14481 ||| Stepping ~*~*~tactically~*~*~ (stealth).
 14483 | Lair:5   | 14483 ||| Stepping ~*~*~tactically~*~*~ (stealth).
 14619 | Lair:5   | 14619 ||| Stepping ~*~*~tactically~*~*~ (stealth).
 14622 | Lair:5   | 14622 ||| Stepping ~*~*~tactically~*~*~ (stealth).
 14629 | Lair:5   | 14629 ||| Stepping ~*~*~tactically~*~*~ (stealth).
 14810 | Lair:5   | 14810 ||| FLEEEEING.
 14811 | Lair:5   | 14811 ||| FLEEEEING.
 14812 | Lair:5   | 14812 ||| FLEEEEING.
 14813 | Lair:5   | 14813 ||| FLEEEEING.
 14861 | Lair:5   | 14861 ||| Stepping ~*~*~tactically~*~*~ (stealth).
 14862 | Lair:5   | 14862 ||| Stepping ~*~*~tactically~*~*~ (stealth).
 14901 | Lair:5   | 14901 ||| PLANNING D:1-11
 14901 | Lair:5   | 14901 ||| UPGRADING to +3 kite shield of Tender Moments
                  | {rPois}.
 14911 | Lair:5   | 14911 ||| DROPPING +2 buckler.
 14912 | Lair:5   | 14912 ||| UPGRADING to ring "Roeparoi" {rPois rN+ Will+
                  | Str+4}.
 14914 | Lair:5   | 14914 ||| DROPPING ring of wizardry.
 14940 | Lair:5   | 14940 ||| INVOKING Heroism.
 14941 | Lair:5   | 14941 ||| INVOKING Finesse.
 14944 | Lair:5   | 14944 ||| SWAPPING to +0 morningstar.
 14953 | Lair:5   | 14953 ||| SWAPPING to +2 vorpal broad axe.
 15101 | D:11     | Found a staircase to the Orcish Mines.
 15315 | D:11     | 15315 ||| Stepping ~*~*~tactically~*~*~ (hiding).
 15316 | D:11     | 15316 ||| Stepping ~*~*~tactically~*~*~ (hiding).
 15317 | D:11     | 15317 ||| Stepping ~*~*~tactically~*~*~ (hiding).
 15323 | D:11     | 15323 ||| INVOKING Heroism.
 15510 | D:11     | 15510 ||| READING scroll of enchant weapon.
 15510 | D:11     | 15510 ||| ENCHANTING +2 vorpal broad axe.
 15614 | D:11     | 15614 ||| Stepping ~*~*~tactically~*~*~ (hiding).
 15618 | D:11     | 15618 ||| INVOKING Heroism.
 15619 | D:11     | 15619 ||| INVOKING Finesse.
 15643 | D:11     | 15643 ||| Stepping ~*~*~tactically~*~*~ (stealth).
 15679 | D:11     | Reached skill level 9 in Shields
 15882 | D:11     | 15882 ||| PLANNING D
 15882 | D:11     | 15882 ||| DROPPING ring of ice.
 15895 | D:12     | 15895 ||| PLANNING GAUNTLET
 16009 | D:12     | 16009 ||| Stepping ~*~*~tactically~*~*~ (stealth).
 16010 | D:12     | 16010 ||| Stepping ~*~*~tactically~*~*~ (stealth).
 16012 | D:12     | 16012 ||| Stepping ~*~*~tactically~*~*~ (hiding).
 16013 | D:12     | 16013 ||| Stepping ~*~*~tactically~*~*~ (hiding).
 16019 | D:12     | 16019 ||| INVOKING Heroism.
 16020 | D:12     | 16020 ||| SWAPPING to +0 morningstar.
 16021 | D:12     | 16021 ||| INVOKING Finesse.
 16031 | D:12     | Reached XP level 15. HP: 96/96 MP: 15/22
 16031 | D:12     | 16031 ||| SWAPPING to +3 vorpal broad axe.
 16247 | D:12     | 16247 ||| INVOKING Heroism.
 16259 | D:12     | 16259 ||| READING 2 scrolls of teleportation.
 16278 | D:12     | Found a gate leading to a gauntlet.
 16285 | Gauntlet | Entered a Gauntlet
 16285 | Gauntlet | Found a transporter.
 16285 | Gauntlet | Found a transporter.
 16298 | Gauntlet | Found a transporter.
 16300 | Gauntlet | Found a transporter.
 16306 | Gauntlet | Found a runed translucent gate.
 16306 | Gauntlet | Found a runed translucent gate.
 16306 | Gauntlet | Found a runed translucent gate.
 16308 | Gauntlet | Found a transporter.
 16311 | Gauntlet | Found a transporter.
 16321 | Gauntlet | Found a transporter.
 16335 | Gauntlet | Found a large runed translucent door.
 16336 | Gauntlet | Found a large runed translucent door.
 16337 | Gauntlet | Found a large runed translucent door.
 16338 | Gauntlet | Found a runed translucent gate.
 16339 | Gauntlet | Found a transporter.
 16339 | Gauntlet | Found a runed translucent gate.
 16340 | Gauntlet | Found a runed translucent gate.
 16341 | Gauntlet | Found a large runed translucent door.
 16342 | Gauntlet | Found a large runed translucent door.
 16343 | Gauntlet | Found a large runed translucent door.
 16352 | Gauntlet | Found a large runed translucent door.
 16353 | Gauntlet | Found a large runed translucent door.
 16353 | Gauntlet | Found a large runed translucent door.
 16353 | Gauntlet | Found a runed translucent door.
 16354 | Gauntlet | Found a large runed translucent door.
 16355 | Gauntlet | Found a large runed translucent door.
 16357 | Gauntlet | Found a transporter.
 16361 | Gauntlet | Found a transporter.
 16371 | Gauntlet | Found a transporter.
 16373 | Gauntlet | Found a transporter.
 16424 | Gauntlet | Found a large runed translucent door.
 16425 | Gauntlet | Found a large runed translucent door.
 16426 | Gauntlet | Found a large runed translucent door.
 16426 | Gauntlet | Found a large runed translucent door.
 16426 | Gauntlet | Found a runed translucent door.
 16427 | Gauntlet | Found a large runed translucent door.
 16459 | Gauntlet | 16459 ||| INVOKING Heroism.
 16502 | Gauntlet | 16502 ||| DROPPING amulet of magic regeneration.
 16553 | Gauntlet | 16553 ||| INVOKING Heroism.
 16682 | Gauntlet | 16682 ||| DROPPING scarf of invisibility.
 16689 | Gauntlet | Identified the ring "Mobog" {Fly rF+}
 16690 | Gauntlet | 16690 ||| INVOKING Heroism.
 16719 | Gauntlet | 16719 ||| DROPPING +0 morningstar.
 16769 | Gauntlet | 16769 ||| UPGRADING to scarf of resistance.
 16774 | Gauntlet | 16774 ||| DROPPING ring of willpower.
 16789 | D:12     | 16789 ||| PLANNING D
 16836 | D:12     | 16836 ||| INVOKING Heroism.
 16966 | D:12     | 16966 ||| INVOKING Heroism.
 16974 | D:12     | 16974 ||| READING scroll of teleportation.
 17093 | D:12     | 17093 ||| INVOKING Heroism.
 17233 | D:13     | 17233 ||| INVOKING Heroism.
 17234 | D:13     | 17234 ||| INVOKING Finesse.
 17236 | D:13     | 17236 ||| SWAPPING to +1 morningstar of flaming.
 17247 | D:13     | 17247 ||| SWAPPING to +3 vorpal broad axe.
 17315 | D:13     | 17315 ||| INVOKING Heroism.
 17318 | D:13     | Received a gift from Okawaru
 17514 | D:13     | 17514 ||| Stepping ~*~*~tactically~*~*~ (hiding).
 17515 | D:13     | 17515 ||| Stepping ~*~*~tactically~*~*~ (hiding).
 17517 | D:13     | 17517 ||| INVOKING Heroism.
 18023 | D:13     | 18023 ||| DROPPING +6 ring of strength.
 18095 | D:14     | 18095 ||| INVOKING Heroism.
 18121 | D:14     | Identified the +0 leather armour "Oxemp" {*Slow rPois
                  | Stlth+}
 18157 | D:14     | 18157 ||| Stepping ~*~*~tactically~*~*~ (hiding).
 18258 | D:14     | Found a gate to the Vaults.
 18259 | D:14     | 18259 ||| Stepping ~*~*~tactically~*~*~ (hiding).
 18283 | D:14     | 18283 ||| INVOKING Heroism.
 18289 | D:14     | Reached skill level 12 in Shields
 18308 | D:14     | 18308 ||| INVOKING Heroism.
 18389 | D:14     | Reached skill level 6 in Throwing
 18435 | D:14     | 18435 ||| Stepping ~*~*~tactically~*~*~ (hiding).
 18445 | D:14     | Received a gift from Okawaru
 18450 | D:14     | 18450 ||| Stepping randomly (stuck).
 18478 | D:14     | 18478 ||| READING scroll of enchant armour.
 18478 | D:14     | 18478 ||| ENCHANTING +2 pearl dragon scales.
 18578 | D:14     | 18578 ||| INVOKING Heroism.
 18589 | D:14     | 18589 ||| Stepping ~*~*~tactically~*~*~ (cloud).
 18616 | D:14     | 18616 ||| INVOKING Finesse.
 18655 | D:14     | 18655 ||| Stepping ~*~*~tactically~*~*~ (stealth).
 18657 | D:14     | 18657 ||| INVOKING Heroism.
 18658 | D:14     | 18658 ||| INVOKING Finesse.
 18660 | D:14     | 18660 ||| Stepping ~*~*~tactically~*~*~ (hiding).
 18777 | D:14     | 18777 ||| INVOKING Heroism.
 18815 | D:14     | Received a gift from Okawaru
 18832 | D:14     | 18832 ||| Stepping ~*~*~tactically~*~*~ (stealth).
 18833 | D:14     | 18833 ||| Stepping ~*~*~tactically~*~*~ (stealth).
 18838 | D:14     | 18838 ||| Stepping ~*~*~tactically~*~*~ (stealth).
 18840 | D:14     | 18840 ||| Stepping ~*~*~tactically~*~*~ (hiding).
 18894 | D:14     | Found the +8 frozen axe "Frostbite" {freezing cloud, *Noise
                  | Fly rC+}
 19006 | D:14     | 19006 ||| DROPPING +2 plate armour of cold resistance.
 19018 | D:15     | Entered Level 15 of the Dungeon
 19046 | D:15     | 19046 ||| Stepping ~*~*~tactically~*~*~ (hiding).
 19047 | D:15     | 19047 ||| Stepping ~*~*~tactically~*~*~ (hiding).
 19056 | D:15     | 19056 ||| Stepping ~*~*~tactically~*~*~ (hiding).
 19090 | D:15     | 19090 ||| INVOKING Heroism.
 19100 | D:15     | Found a blossoming altar of Fedhas.
 19163 | D:15     | 19163 ||| INVOKING Heroism.
 19186 | D:15     | 19186 ||| INVOKING Heroism.
 19212 | D:15     | Reached XP level 16. HP: 101/101 MP: 23/23
 19288 | D:15     | Found Hoti's Antique Armour Emporium.
 19302 | D:15     | 19302 ||| BUYING pair of embroidered gloves (240 gold).
 19302 | D:15     | Bought a pair of embroidered gloves for 240 gold pieces
 19307 | D:15     | 19307 ||| Stepping ~*~*~tactically~*~*~ (stealth).
 19344 | D:15     | 19344 ||| INVOKING Heroism.
 19516 | D:15     | 19516 ||| INVOKING Heroism.
 19553 | D:15     | 19553 ||| Stepping ~*~*~tactically~*~*~ (hiding).
 19555 | D:15     | 19555 ||| Stepping ~*~*~tactically~*~*~ (hiding).
 19562 | D:15     | Received a gift from Okawaru
 19564 | D:15     | 19564 ||| Stepping ~*~*~tactically~*~*~ (stealth).
 19583 | D:15     | 19583 ||| INVOKING Heroism.
 19635 | D:15     | 19635 ||| Stepping ~*~*~tactically~*~*~ (stealth).
 19641 | D:15     | Found a staircase to the Depths.
 19796 | D:15     | 19796 ||| DROPPING +1 pair of gloves.
 19797 | D:15     | 19797 ||| DROPPING amulet of the acrobat.
 19844 | D:14     | 19844 ||| PLANNING ORC
 19923 | Orc:1    | Entered Level 1 of the Orcish Mines
 19925 | Orc:1    | 19925 ||| Stepping ~*~*~tactically~*~*~ (hiding).
 19932 | Orc:1    | 19932 ||| Stepping ~*~*~tactically~*~*~ (hiding).
 19935 | Orc:1    | 19935 ||| INVOKING Heroism.
 19955 | Orc:1    | Found a runed translucent gate.
 19955 | Orc:1    | Found a runed translucent gate.
 19955 | Orc:1    | Found a runed translucent gate.
 20084 | Orc:1    | 20084 ||| INVOKING Heroism.
 20098 | Orc:1    | Gained mutation: You passively dampen the noise of your
                  | surroundings. [a neqoxec]
 20101 | Orc:1    | 20101 ||| INVOKING Heroism.
 20105 | Orc:1    | Gained mutation: Armour fits poorly on your strangely
                  | shaped body. [a neqoxec]
 20118 | Orc:1    | HP: 21/101 [orc warrior/+0 scimitar[an orc knight] (12)]
 20119 | Orc:1    | 20119 ||| DRINKING 6 potions of heal wounds.
 20122 | Orc:1    | 20122 ||| DRINKING 5 potions of heal wounds.
 20123 | Orc:1    | 20123 ||| DRINKING 4 potions of heal wounds.
 20124 | Orc:1    | HP: 22/101 [red devil/+0 trident[an orc high priest] (12)]
 20125 | Orc:1    | 20125 ||| DRINKING 3 potions of heal wounds.
 20127 | Orc:1    | 20127 ||| DRINKING 2 potions of heal wounds.
 20128 | Orc:1    | Received a gift from Okawaru
 20139 | Orc:1    | 20139 ||| INVOKING Heroism.
 20206 | Orc:1    | 20206 ||| DRINKING 4 potions of mutation.
 20206 | Orc:1    | Lost mutation: You passively dampen the noise of your
                  | surroundings. [potion of mutation]
 20206 | Orc:1    | Lost mutation: Armour fits poorly on your strangely shaped
                  | body. [potion of mutation]
 20206 | Orc:1    | Gained mutation: You are occasionally teleported next to
                  | monsters. [potion of mutation]
 20207 | Orc:1    | 20207 ||| DRINKING 3 potions of mutation.
 20207 | Orc:1    | Lost mutation: You are occasionally teleported next to
                  | monsters. [potion of mutation]
 20207 | Orc:1    | Gained mutation: Your flesh is heat resistant. (rF+)
                  | [potion of mutation]
 20207 | Orc:1    | Gained mutation: You are strong-willed. (Will+) [potion of
                  | mutation]
 20207 | Orc:1    | Gained mutation: Your magical capacity is low. (-10% MP)
                  | [potion of mutation]
 20207 | Orc:1    | Gained mutation: You have a pair of small horns on your
                  | head. [potion of mutation]
 20210 | Orc:1    | 20210 ||| DROPPING +1 morningstar of flaming.
 20572 | Orc:1    | Noticed qw's ghost (journeyman DsCA)
 20573 | Orc:1    | Noticed blexxed's ghost (journeyman DsFi)
 20577 | Orc:1    | 20577 ||| DROPPING +2 helmet.
 20605 | Orc:2    | Entered Level 2 of the Orcish Mines
 20606 | Orc:2    | 20606 ||| Stepping ~*~*~tactically~*~*~ (hiding).
 20608 | Orc:2    | 20608 ||| Stepping ~*~*~tactically~*~*~ (hiding).
 20611 | Orc:2    | 20611 ||| INVOKING Heroism.
 20673 | Orc:2    | 20673 ||| INVOKING Heroism.
 20710 | Orc:2    | Reached skill level 17 in Axes
 20740 | Orc:2    | 20740 ||| INVOKING Heroism.
 20813 | Orc:2    | 20813 ||| Stepping ~*~*~tactically~*~*~ (stealth).
 20814 | Orc:2    | 20814 ||| INVOKING Heroism.
 20834 | Orc:2    | 20834 ||| INVOKING Heroism.
 20883 | Orc:2    | 20883 ||| Stepping ~*~*~tactically~*~*~ (stealth).
 20885 | Orc:2    | 20885 ||| Stepping ~*~*~tactically~*~*~ (stealth).
 20887 | Orc:2    | 20887 ||| INVOKING Heroism.
 20918 | Orc:2    | 20918 ||| Stepping ~*~*~tactically~*~*~ (hiding).
 20919 | Orc:2    | 20919 ||| Stepping ~*~*~tactically~*~*~ (hiding).
 20936 | Orc:2    | 20936 ||| Stepping ~*~*~tactically~*~*~ (stealth).
 20938 | Orc:2    | 20938 ||| Stepping ~*~*~tactically~*~*~ (stealth).
 20940 | Orc:2    | 20940 ||| Stepping ~*~*~tactically~*~*~ (stealth).
 20942 | Orc:2    | 20942 ||| Stepping ~*~*~tactically~*~*~ (hiding).
 20944 | Orc:2    | 20944 ||| Stepping ~*~*~tactically~*~*~ (hiding).
 20982 | Orc:2    | 20982 ||| Stepping ~*~*~tactically~*~*~ (hiding).
 21121 | Orc:2    | 21121 ||| Stepping ~*~*~tactically~*~*~ (hiding).
 21122 | Orc:2    | 21122 ||| Stepping ~*~*~tactically~*~*~ (hiding).
 21123 | Orc:2    | 21123 ||| INVOKING Heroism.
 21129 | Orc:2    | Noticed Maurice
 21133 | Orc:2    | Found a staircase to the Elven Halls.
 21136 | Orc:2    | Killed Maurice
 21217 | Orc:2    | Found Fexublot's Antique Weapon Emporium.
 21217 | Orc:2    | Found Hieluist's Assorted Antiques.
 21218 | Orc:2    | Found Egayloed's Jewellery Shoppe.
 21225 | Orc:2    | Found Gaimmiha's General Store.
 21228 | Orc:2    | 21228 ||| BUYING runed war axe (175 gold).
 21228 | Orc:2    | Bought a runed war axe for 175 gold pieces
 21228 | Orc:2    | 21228 ||| DROPPING +4 war axe of freezing.
 21230 | Orc:2    | 21230 ||| BUYING dented blue amulet (190 gold).
 21230 | Orc:2    | Bought a dented blue amulet for 190 gold pieces
 21230 | Orc:2    | 21230 ||| BUYING potion of curing (114 gold).
 21230 | Orc:2    | Bought a potion of curing for 114 gold pieces
 21230 | Orc:2    | 21230 ||| BUYING scroll of identify (76 gold).
 21230 | Orc:2    | Bought a scroll of identify for 76 gold pieces
 21231 | Orc:2    | 21231 ||| BUYING ring "Beuss" {rF+ Dex+3 SInv} (458 gold).
 21231 | Orc:2    | Bought the ring "Beuss" {rF+ Dex+3 SInv} for 458 gold
                  | pieces
 21232 | Orc:2    | 21232 ||| BUYING potion of haste (130 gold).
 21232 | Orc:2    | Bought a potion of haste for 130 gold pieces
 21232 | Orc:2    | 21232 ||| BUYING wand of digging (9) (491 gold).
 21232 | Orc:2    | Bought a wand of digging (9) for 491 gold pieces
 21283 | Orc:2    | 21283 ||| Stepping ~*~*~tactically~*~*~ (stealth).
 21384 | Orc:2    | 21384 ||| Stepping ~*~*~tactically~*~*~ (stealth).
 21386 | Orc:2    | 21386 ||| Stepping ~*~*~tactically~*~*~ (stealth).
 21388 | Orc:2    | 21388 ||| Stepping ~*~*~tactically~*~*~ (stealth).
 21501 | Orc:2    | 21501 ||| PLANNING SNAKE:1-3
 21501 | Orc:2    | 21501 ||| DROPPING amulet of guardian spirit.
 21502 | Orc:2    | 21502 ||| UPGRADING to ring "Beuss" {rF+ Dex+3 SInv}.
 21504 | Orc:2    | 21504 ||| UPGRADING to +2 cloak of preservation.
 21514 | Orc:2    | 21514 ||| DROPPING ring of protection from fire.
 21515 | Orc:2    | 21515 ||| DROPPING ring of see invisible.
 21665 | Lair:3   | 21665 ||| Stepping ~*~*~tactically~*~*~ (stealth).
 21690 | Snake:1  | Entered Level 1 of the Snake Pit
 21703 | Snake:1  | 21703 ||| Stepping ~*~*~tactically~*~*~ (hiding).
 21803 | Snake:1  | Found a runed translucent door.
 21824 | Snake:1  | 21824 ||| INVOKING Heroism.
 21866 | Snake:1  | Noticed Mlioglotl
 21867 | Snake:1  | 21867 ||| INVOKING Heroism.
 21868 | Snake:1  | 21868 ||| INVOKING Finesse.
 21870 | Snake:1  | 21870 ||| Stepping ~*~*~tactically~*~*~ (stealth).
 21871 | Snake:1  | 21871 ||| Stepping ~*~*~tactically~*~*~ (stealth).
 21887 | Snake:1  | Killed Mlioglotl
 21887 | Snake:1  | Received a gift from Okawaru
 22165 | Snake:1  | 22165 ||| Stepping ~*~*~tactically~*~*~ (hiding).
 22181 | Snake:1  | 22181 ||| Stepping ~*~*~tactically~*~*~ (hiding).
 22283 | Snake:1  | 22283 ||| Stepping ~*~*~tactically~*~*~ (hiding).
 22284 | Snake:1  | 22284 ||| Stepping ~*~*~tactically~*~*~ (hiding).
 22302 | Snake:1  | 22302 ||| INVOKING Heroism.
 22857 | Snake:1  | 22857 ||| Stepping ~*~*~tactically~*~*~ (hiding).
 22959 | Snake:1  | 22959 ||| Stepping ~*~*~tactically~*~*~ (hiding).
 23003 | Snake:1  | Noticed qw's ghost (adept MiBe)
 23048 | Snake:2  | 23048 ||| Stepping ~*~*~tactically~*~*~ (stealth).
 23052 | Snake:2  | 23052 ||| INVOKING Heroism.
 23060 | Snake:2  | Identified the +5 kite shield of the Centipede {Dex+2 SInv}
                  | (Okawaru gifted it to you on level 2 of the Snake Pit)
 23060 | Snake:2  | Received a gift from Okawaru
 23134 | Snake:2  | Reached XP level 17. HP: 108/108 MP: 22/22
 23135 | Snake:2  | 23135 ||| Stepping ~*~*~tactically~*~*~ (hiding).
 23136 | Snake:2  | 23136 ||| Stepping ~*~*~tactically~*~*~ (hiding).
 23138 | Snake:2  | 23138 ||| Stepping ~*~*~tactically~*~*~ (hiding).
 23139 | Snake:2  | 23139 ||| INVOKING Heroism.
 23146 | Snake:2  | Reached skill level 18 in Axes
 23195 | Snake:2  | 23195 ||| Stepping ~*~*~tactically~*~*~ (hiding).
 23211 | Snake:2  | 23211 ||| Stepping ~*~*~tactically~*~*~ (stealth).
 23213 | Snake:2  | 23213 ||| Stepping ~*~*~tactically~*~*~ (stealth).
 23225 | Snake:2  | 23225 ||| INVOKING Heroism.
 23318 | Snake:2  | 23318 ||| Stepping ~*~*~tactically~*~*~ (stealth).
 23326 | Snake:2  | 23326 ||| Stepping ~*~*~tactically~*~*~ (stealth).
 23329 | Snake:2  | 23329 ||| Stepping ~*~*~tactically~*~*~ (stealth).
 23332 | Snake:2  | 23332 ||| Stepping ~*~*~tactically~*~*~ (stealth).
 23412 | Snake:2  | Found Ynijasih's CLEARANCE SALE!.
 23417 | Snake:2  | 23417 ||| BUYING potion of haste (40 gold).
 23417 | Snake:2  | Bought a potion of haste for 40 gold pieces
 23427 | Snake:2  | 23427 ||| Stepping ~*~*~tactically~*~*~ (stealth).
 23429 | Snake:2  | 23429 ||| Stepping ~*~*~tactically~*~*~ (stealth).
 23657 | Snake:2  | Reached skill level 12 in Armour
 23814 | Snake:2  | 23814 ||| UPGRADING to +5 kite shield of the Centipede
                  | {Dex+2 SInv}.
 23824 | Snake:2  | 23824 ||| DROPPING +3 kite shield of Tender Moments
                  | {rPois}.
 23825 | Snake:2  | 23825 ||| UPGRADING to +4 ring of protection.
 23855 | Snake:3  | 23855 ||| STAIRDANCE
 23870 | Snake:3  | 23870 ||| STAIRDANCE
 23881 | Snake:3  | 23881 ||| STAIRDANCE
 23972 | Snake:3  | Found Ybemig's General Store.
 23976 | Snake:3  | 23976 ||| BUYING potion of curing (36 gold).
 23976 | Snake:3  | Bought a potion of curing for 36 gold pieces
 23976 | Snake:3  | 23976 ||| BUYING potion of haste (120 gold).
 23976 | Snake:3  | Bought a potion of haste for 120 gold pieces
 23976 | Snake:3  | 23976 ||| BUYING scroll of brand weapon (114 gold).
 23976 | Snake:3  | Bought a scroll of brand weapon for 114 gold pieces
 23976 | Snake:3  | 23976 ||| BUYING wand of digging (3) (151 gold).
 23976 | Snake:3  | Bought a wand of digging (3) for 151 gold pieces
 23976 | Snake:3  | 23976 ||| READING scroll of brand weapon.
 23976 | Snake:3  | 23976 ||| BRANDING +3 vorpal broad axe.
 23982 | Snake:3  | 23982 ||| INVOKING Heroism.
 24087 | Snake:3  | 24087 ||| INVOKING Heroism.
 24110 | Snake:3  | 24110 ||| Stepping ~*~*~tactically~*~*~ (hiding).
 24111 | Snake:3  | 24111 ||| INVOKING Heroism.
 24147 | Snake:3  | 24147 ||| Stepping ~*~*~tactically~*~*~ (stealth).
 24148 | Snake:3  | 24148 ||| Stepping ~*~*~tactically~*~*~ (stealth).
 24149 | Snake:3  | 24149 ||| Stepping ~*~*~tactically~*~*~ (stealth).
 24150 | Snake:3  | 24150 ||| Stepping ~*~*~tactically~*~*~ (stealth).
 24151 | Snake:3  | 24151 ||| Stepping ~*~*~tactically~*~*~ (stealth).
 24152 | Snake:3  | 24152 ||| Stepping ~*~*~tactically~*~*~ (stealth).
 24153 | Snake:3  | 24153 ||| Stepping ~*~*~tactically~*~*~ (stealth).
 24154 | Snake:3  | 24154 ||| Stepping ~*~*~tactically~*~*~ (stealth).
 24205 | Snake:3  | Found Quryggoh's Book Shoppe.
 24306 | Snake:3  | Found Zuinaps's Antique Armour Shop.
 24329 | Snake:3  | 24329 ||| INVOKING Heroism.
 24417 | Snake:3  | 24417 ||| Stepping ~*~*~tactically~*~*~ (hiding).
 24419 | Snake:3  | 24419 ||| Stepping ~*~*~tactically~*~*~ (hiding).
 24438 | Snake:3  | 24438 ||| INVOKING Heroism.
 24441 | Snake:3  | 24441 ||| Stepping ~*~*~tactically~*~*~ (hiding).
 24446 | Snake:3  | 24446 ||| Stepping ~*~*~tactically~*~*~ (hiding).
 24477 | Snake:3  | Received a gift from Okawaru
 24483 | Snake:3  | 24483 ||| INVOKING Heroism.
 24580 | Snake:3  | 24580 ||| READING scroll of enchant weapon.
 24580 | Snake:3  | 24580 ||| ENCHANTING +3 spectral broad axe.
 24590 | Snake:3  | 24590 ||| INVOKING Heroism.
 24593 | Snake:3  | 24593 ||| Stepping ~*~*~tactically~*~*~ (hiding).
 24594 | Snake:3  | 24594 ||| Stepping ~*~*~tactically~*~*~ (hiding).
 24619 | Snake:3  | 24619 ||| Stepping ~*~*~tactically~*~*~ (hiding).
 24623 | Snake:3  | 24623 ||| Stepping ~*~*~tactically~*~*~ (hiding).
 24809 | Snake:3  | Found Hifemua's General Store.
 24819 | Snake:3  | 24819 ||| SHOPLISTING ring of Sif Muna, Slashing {EV+4
                  | Str+4 Int+2 Dex+2} (956 gold, have 59).
 24819 | Snake:3  | 24819 ||| BUYING scroll of teleportation (48 gold).
 24819 | Snake:3  | Bought a scroll of teleportation for 48 gold pieces
 24841 | Snake:3  | 24841 ||| Stepping ~*~*~tactically~*~*~ (stealth).
 24849 | Snake:3  | Reached skill level 15 in Fighting
 24896 | Snake:3  | 24896 ||| PLANNING SHOALS:1-3
 24896 | Snake:3  | 24896 ||| DROPPING +6 ring of intelligence.
 25041 | Shoals:1 | Entered Level 1 of the Shoals
 25050 | Shoals:1 | 25050 ||| Stepping ~*~*~tactically~*~*~ (stealth).
 25052 | Shoals:1 | 25052 ||| Stepping ~*~*~tactically~*~*~ (stealth).
 25114 | Shoals:1 | Found a large runed translucent door.
 25115 | Shoals:1 | Found a large runed translucent door.
 25127 | Shoals:1 | Received a gift from Okawaru
 25136 | Shoals:1 | 25136 ||| INVOKING Heroism.
 25165 | Shoals:1 | Noticed Witt's ghost (adept GrFi)
 25223 | Shoals:1 | 25223 ||| INVOKING Heroism.
 25268 | Shoals:1 | 25268 ||| INVOKING Heroism.
 25336 | Shoals:1 | 25336 ||| INVOKING Heroism.
 25365 | Shoals:1 | Received a gift from Okawaru
 25584 | Shoals:1 | 25584 ||| Stepping ~*~*~tactically~*~*~ (hiding).
 25686 | Shoals:1 | 25686 ||| Stepping ~*~*~tactically~*~*~ (hiding).
 25913 | Shoals:1 | Reached skill level 6 in Dodging
 25982 | Shoals:1 | 25982 ||| INVOKING Heroism.
 25998 | Shoals:1 | Reached XP level 18. HP: 118/119 MP: 22/22
 25999 | Shoals:1 | 25999 ||| DROPPING +4 war axe of flaming.
 26048 | Shoals:1 | 26048 ||| READING 16 scrolls of identify.
 26048 | Shoals:1 | 26048 ||| IDENTIFYING amethyst potion
 26062 | Shoals:2 | Found a large runed translucent door.
 26063 | Shoals:2 | 26063 ||| INVOKING Heroism.
 26064 | Shoals:2 | Found a large runed translucent door.
 26068 | Shoals:2 | Received a gift from Okawaru
 26082 | Shoals:2 | Noticed qw's ghost (adept GrBe)
 26083 | Shoals:2 | HP: 29/119 [merfolk aquamancer/+2 rapier of speed (3)]
 26084 | Shoals:2 | 26084 ||| READING 3 scrolls of teleportation.
 26085 | Shoals:2 | 26085 ||| DRINKING potion of heal wounds.
 26086 | Shoals:2 | HP: 12/119 [meliai/divine providence (14)]
 26086 | Shoals:2 | HP: 2/119 [manticore (10)]
 26097 | Shoals:2 | 26097 ||| READING 2 scrolls of teleportation.
 26100 | Shoals:2 | HP: 13/119 [merfolk/+0 trident of flaming[a merfolk
                  | aquamancer] (2)]
 26100 | Shoals:2 | HP: 2/119 [snapping turtle (11)]
 26101 | Shoals:2 | Killed from afar by a water nymph

Levels and vault maps discovered:
D:1:      spicycebolla_arrival_xxxplode, layout_basic
D:2:      layout_rooms, dreamdust_ecumenical_altar_angels_and_demons,
          minmay_distorted
D:3:      layout_loops_ring, amcnicky_altar_gilded
D:4:      layout_loops_ring, old_standard_altar, mainiacjoe_overflow_big_doors
D:5:      layout_cave_pools, pdpol_wu_jian_five_deadly_venoms,
          portal_sewer_entry_b, serial_column_ruins, column_ruins_hut,
          column_ruins_square_large, column_ruins_columns_dead_end,
          column_ruins_columns_corner, column_ruins_open_large,
          column_ruins_open_small, column_ruins_open_tiny, hangedman_decor_push,
          supply_closet_lemuel
D:6:      layout_basic, minmay_temple_entry_gardened_gates, serial_demonic,
          serial_demonic_g, serial_demonic_e, serial_demonic_a,
          serial_demonic_e, serial_demonic_c, serial_demonic_f, minivault_25
D:7:      layout_basic, nicolae_ru_great_annihilating_truth,
          gammafunk_ghost_wrathful_warriors, enter_bailey_3, dk_noncrumbling_3,
          minmay_ruined_shrine
D:8:      layout_gridville, kennysheep_generic_room_6, uniq_gastronok
D:9:      layout_layer_cave, elyvilon_altar_5, uniq_maggie
D:10:     layout_roguey, nicolae_uskayaw_dance_hall,
          mainiacjoe_overflow_catwalk, mainiacjoe_overflow_24_doors,
          erik_lair_island, special_room [special_room_orc],
          gammafunk_ghost_icy, worms_lemuel, uniq_urug
D:11:     minmay_blocky_corners, layout_small_grid, orc_0_dummy
D:12:     layout_small_grid, gauntlet_entry_generic
D:13:     layout_small_grid, grunt_ogre_cave
D:14:     layout_rooms, erik_vaults_2, serial_glass, glass_columns_b,
          glass_columns_b, glass_columns_a, glass_columns_c, glass_columns_b,
          glass_columns_a, glass_columns_b, glass_columns_b,
          minmay_misc_feat_iff, hellmonk_guarded_unrand_frostbite
D:15:     gammafunk_depths_entry_grave, layout_basic, serial_shops, shop,
          fedhas_altar_1
Temple:   hellmonk_temple_flake
Lair:1:   layout_gridlike, infiniplex_staircase_pool
Lair:2:   layout_cellular_growth, minmay_shoals_entry_hut,
          portal_ice_cave_demonic_guard
Lair:3:   layout_roguey, dummy_snake_entry, st_stairs_11
Lair:4:   layout_hall_layers, kennysheep_snail_temple
Lair:5:   due_jungle_book, layout_regular_city, slime_entry_1
Shoals:1: layout_shoals, ebering_ghost_disaster_area,
          nicolae_shoals_seven_spires
Shoals:2: layout_shoals, ebering_ghost_disaster_area, regret_index_shoals_crete
Snake:1:  layout_grid_maze, ebering_ghost_reflecting_pool,
          nicolae_snake_snakes_in_the_grass, uniq_mlioglotl
Snake:2:  layout_basic, nicolae_shop_clearance
Snake:3:  layout_rooms, serial_shops, shop, shop, shop_fountains, shop,
          minmay_snake_pond, grunt_megastairs_4, serial_bayou_shore_b
Orc:1:    layout_diamond_mine, gammafunk_ghost_cemetery
Orc:2:    st_orc_mages, layout_diamond_mine, minmay_orc_temple_c, uniq_maurice

Skill      XL: |  1  2  3  4  5  6  7  8  9 10 11 12 13 14 15 16 17 |
---------------+----------------------------------------------------+-----
Axes           | 2 3 4 5 7 8 9 11 12 14 16 17 18 | 18.0
Armour         | 1 2 4 5 8 10 11 13 | 13.0
Shields        | 2 3 4 5 6 7 9 13 14 | 14.7
Fighting       | 4 5 7 9 10 11 12 13 15 | 15.0
Throwing       | 2 3 6 7 |  7.1
Invocations    | 4 8 10 | 10.0
Dodging        | 2 3 4 5 6 |  6.0
Stealth        | |  5.4

Action                   |  1- 3 |  4- 6 |  7- 9 | 10-12 | 13-15 | 16-18 || total
-------------------------+-------+-------+-------+-------+-------+-------++-------
Melee: Hand axe          |    84 |    78 |       |       |       |       ||   162
       War axe           |       |    30 |   229 |   354 |       |       ||   613
       Broad axe         |       |       |       |    20 |  1005 |   947 ||  1972
       Morningstar       |       |       |       |     5 |    34 |       ||    39
       Headbutt          |       |       |       |       |       |   166 ||   166
Throw: Boomerang         |       |    10 |    30 |    70 |   135 |    24 ||   269
       Javelin           |       |       |    16 |    63 |    61 |    58 ||   198
Invok: Heroism           |       |       |     6 |    36 |    46 |    33 ||   121
       Finesse           |       |       |       |     2 |    13 |     1 ||    16
  Use: Scroll            |     4 |     7 |     8 |     6 |     6 |     5 ||    36
       Potion            |       |       |     4 |     1 |       |     8 ||    13
 Stab: Sleeping          |       |     5 |       |     1 |       |     1 ||     7
       Paralysed         |       |       |     1 |       |       |       ||     1
       Distracted        |       |       |       |       |       |    10 ||    10
Armor: Leather armour    |    38 |    14 |       |       |       |       ||    52
       Ring mail         |       |     6 |       |       |       |       ||     6
       Scale mail        |       |    31 |    67 |    91 |       |       ||   189
       Chain mail        |       |       |    77 |       |       |       ||    77
       Pearl dragon scal |       |       |       |    64 |   409 |   432 ||   905
Dodge: Dodged            |    68 |    41 |    88 |   110 |   244 |   311 ||   862
Block: Buckler           |       |     7 |    77 |   104 |   129 |       ||   317
       Kite shield       |       |       |       |       |   267 |   765 ||  1032

Table legend:
 A = Non-vault XP
 B = Vault XP
 C = Vault XP percentage of total XP
 D = Non-vault monster count
 E = Vault monster count
 F = Vault count percentage of total count
                 A         B        C        D         E       F
            +---------+---------+-------+---------+---------+-------
      Total |  180674 |   70038 |  27.9 |     635 |     249 |  28.2
            +---------+---------+-------+---------+---------+-------
        D:1 |      29 |       0 |   0.0 |      15 |       0 |   0.0
        D:2 |      81 |       3 |   3.6 |      12 |       2 |  14.3
        D:3 |     114 |       0 |   0.0 |      19 |       0 |   0.0
        D:4 |     433 |       0 |   0.0 |      16 |       0 |   0.0
        D:5 |     682 |       3 |   0.4 |      24 |       3 |  11.1
        D:6 |     897 |     112 |  11.1 |      17 |      11 |  39.3
        D:7 |     399 |     415 |  51.0 |       8 |      13 |  61.9
        D:8 |    2079 |    1729 |  45.4 |      24 |       2 |   7.7
        D:9 |    1000 |     398 |  28.5 |      11 |       1 |   8.3
       D:10 |    4267 |    2910 |  40.5 |      20 |      38 |  65.5
       D:11 |     688 |    2678 |  79.6 |       9 |       5 |  35.7
       D:12 |    6420 |       0 |   0.0 |      22 |       0 |   0.0
       D:13 |    7958 |     827 |   9.4 |      17 |       1 |   5.6
       D:14 |    8951 |   10296 |  53.5 |      18 |      16 |  47.1
       D:15 |   11385 |    5396 |  32.2 |      30 |       8 |  21.1
     Lair:1 |    6098 |       0 |   0.0 |      21 |       0 |   0.0
     Lair:2 |    5532 |     918 |  14.2 |      23 |       3 |  11.5
     Lair:3 |    8693 |     622 |   6.7 |      26 |       2 |   7.1
     Lair:4 |   10941 |    2032 |  15.7 |      41 |       5 |  10.9
     Lair:5 |   14892 |   17496 |  54.0 |      49 |      31 |  38.8
   Shoals:1 |   18759 |       0 |   0.0 |      41 |       0 |   0.0
   Shoals:2 |    5983 |     601 |   9.1 |      14 |       2 |  12.5
    Snake:1 |   12074 |    5065 |  29.6 |      26 |       8 |  23.5
    Snake:2 |   19828 |       0 |   0.0 |      39 |       0 |   0.0
    Snake:3 |   24623 |    6437 |  20.7 |      45 |      10 |  18.2
      Orc:1 |    5841 |       0 |   0.0 |      36 |       0 |   0.0
      Orc:2 |    2027 |    8685 |  81.1 |      12 |      74 |  86.0
   Gauntlet |       0 |    3415 | 100.0 |       0 |      14 | 100.0
            +---------+---------+-------+---------+---------+-------
